 Dungeon Crawl Stone Soup version 0.21.0-25-ge575cb9 (webtiles) character file.

186 Moloch the Skirmisher (level 5, -2/42 HPs)
             Began as a Mummy Fighter on Jan 23, 2018.
             Was an Initiate of Okawaru.
             Slain by an orc
             ... wielding a +0 mace of protection
              (4 damage)
             ... on level 3 of the Dungeon on Jan 24, 2018.
             The game lasted 00:03:32 (1427 turns).

Moloch the Skirmisher (Mummy Fighter)               Turns: 1427, Time: 00:03:33

Health: -2/42      AC:  8    Str: 19    XL:     5   Next: 38%
Magic:  5/5        EV:  4    Int:  8    God:    Okawaru [......]
Gold:   84         SH:  8    Dex: 12    Spells: 4/4 levels left

rFire    x . .     SeeInvis .   a - +0 long sword
rCold    + . .     Gourm    .   c - +0 shield
rNeg     + + +     Faith    .   j - +0 chain mail
rPois    ∞         Spirit   .   (no helmet)
rElec    .         Reflect  .   (no cloak)
rCorr    .         Harm     .   (no gloves)
MR       .....                  (no boots)
Stlth    ..........             f - amulet of regeneration
HPRegen  0.54/turn              (no ring)
MPRegen  0.09/turn              (no ring)

@: no status effects
A: no food or potions, fire vulnerability, cold resistance 1, negative energy
resistance 3, torment resistance, unbreathing
a: Renounce Religion


You were on level 3 of the Dungeon.
You worshipped Okawaru.
Okawaru was noncommittal.
You were not hungry.

You visited 1 branch of the dungeon, and saw 4 of its levels.

You collected 84 gold pieces.

Inventory:

Hand Weapons
 a - a +0 long sword (weapon)
Missiles
 g - 4 tomahawks (quivered)
Armour
 c - a +0 shield (worn)
 j - a +0 chain mail (worn)
Jewellery
 f - an amulet of regeneration (around neck)
Scrolls
 d - a scroll of remove curse {unknown}
 e - a scroll of teleportation {unknown}
 h - a scroll of blinking {unknown}
 i - a scroll of amnesia {unknown}


   Skills:
 + Level 4.1 Fighting
 * Level 4.0 Long Blades
 - Level 2.4 Armour
 - Level 2.4 Shields


You had 4 spell levels left.
You didn't know any spells.

Dungeon Overview and Level Annotations

Branches:
Dungeon (4/15)
 Temple: D:4-7

Altars:
Fedhas
Okawaru
Vehumet


Innate Abilities, Weirdness & Mutations

You do not eat or drink.
Your flesh is vulnerable to fire.
You are immune to poison.
Your flesh is cold resistant. (rC+)
You are immune to negative energy. (rN+++)
You are immune to unholy pain and torment.
You can survive without breathing.


Message History

Your chain mail prevents you from hitting the orc.
The orc is heavily wounded.
The orc hits you but does no damage. The orc hits you with a hand axe.
* * * LOW HITPOINT WARNING * * *
Unknown command.
You hit the orc but do no damage.
The orc is heavily wounded.
The orc hits you but does no damage. The orc hits you with a hand axe.
* * * LOW HITPOINT WARNING * * *
Unknown command.
You closely miss the orc.
The orc is heavily wounded.
You block the orc's attack. The orc hits you but does no damage.
Unknown command.
You closely miss the orc.
The orc is heavily wounded.
You block the orc's attack. x2; The orc hits you with a hand axe.
* * * LOW HITPOINT WARNING * * *
The orc hits you with a mace of protection.
You die...

....# #..#####+###...#
#....#
.P..###.........)#...###
#....#
_................#.....#
.P................†..#.#
.......#..####...#.(##.#
#########.# ##..##.##.#
#.# #......##.# #..
#.####.##.# ##.#
#.#@o..##.# ..
..#o##.##.#
..####(#.....#
...#(..#..####
...#.###..# #.# #..# ..#
#..# #... (..# #.%..#.(#


You could see 2 orcs.

Vanquished Creatures
  A scorpion (D:4)
  An orc priest (D:4)
  An orc wizard (D:3)
  2 adders
  A worm (D:2)
  A dart slug (D:3)
  2 leopard geckos
  11 orcs
  4 bats
  A giant cockroach (D:3)
  6 hobgoblins
  A quokka (D:3)
  2 frilled lizards (D:3)
  5 goblins
  6 kobolds
  2 rats (D:1)
47 creatures vanquished.

Notes
Turn   | Place    | Note
-------+----------+-------------------------------------------
     0 | D:1      | Moloch the Mummy Fighter began the quest for the Orb.
     0 | D:1      | Reached XP level 1. HP: 18/18 MP: 1/1
   310 | D:1      | Reached XP level 2. HP: 24/24 MP: 2/2
   774 | D:2      | Reached XP level 3. HP: 23/30 MP: 3/3
   845 | D:2      | You fall through a shaft for 2 floors!
   900 | D:4      | Noticed a scorpion
  1013 | D:2      | Found a radiant altar of Vehumet.
  1088 | D:3      | Found a blossoming altar of Fedhas.
  1140 | D:3      | Found an iron altar of Okawaru.
  1147 | D:3      | Became a worshipper of Warmaster Okawaru
  1230 | D:4      | Reached XP level 4. HP: 37/37 MP: 4/4
  1246 | D:4      | Reached XP level 5. HP: 21/42 MP: 5/5
  1425 | D:3      | HP: 2/42 [orc/hand axe (2)]
  1427 | D:3      | Slain by an orc

Skill      XL: |  1  2  3  4  5 |
---------------+----------------+-----
Long Blades    | 2 3 4 |  4.0
Fighting       | 4 |  4.1
Armour         | |  2.4
Shields        | |  2.4

Action                   |  1- 3 |  4- 6 || total
-------------------------+-------+-------++-------
Melee: Long sword        |   124 |    82 ||   206
Armor: Scale mail        |    48 |       ||    48
       Chain mail        |     5 |    55 ||    60
Dodge: Dodged            |    39 |    13 ||    52
Block: Shield            |    53 |    37 ||    90
       Rpst.: Long sword |    14 |     5 ||    19
